 Dungeon Crawl Stone Soup version 0.31-a0-536-ga3e2962e35 (webtiles) character file.

Game seed: 12260688833309103191

683 AIAndy the Ruffian (level 7, -2/43 HPs)
             Began as an Octopode Shapeshifter on Aug 13, 2023.
             Slain by an ice beast (8 damage)
             ... on level 5 of the Dungeon.
             The game lasted 00:08:39 (3487 turns).

AIAndy the Ruffian (Octopode Shapeshifter)          Turns: 3487, Time: 00:08:39

Health: -2/43      AC:  1    Str: 16    XL:     7   Next: 61%
Magic:  7/7        EV: 11    Int: 10    God:
Gold:   168        SH:  9    Dex: 13    Spells: 6/6 levels left

rFire   . .          .
                       - Unarmed
rCold   . . .        y - +2 kite shield
rNeg    . . .        (helmet currently unavailable)
rPois   .            (no amulet)
rElec   .            f - ring of willpower
rCorr   .            Z - ring of wizardry
SInv    .            (no ring)
Will    +....        (no ring)
Stlth   ++           (no ring)
HPRegen 0.27/turn    (no ring)
MPRegen 0.10/turn    (no ring)
                     (no ring)

%: wizardry (x1)
@: beast-form
A: beast (slay +3), almost no armour, amphibious, 8 rings, camouflage 1,
gelatinous body 1, (nimble swimmer 1), tentacles
a: Begin Untransformation


You were on level 5 of the Dungeon.
You were a hulking beast.
You visited 1 branch of the dungeon, and saw 5 of its levels.

You collected 168 gold pieces.


Innate Abilities, Weirdness & Mutations

You are a hulking beast.
Your limbs bulge with bestial killing power. (Slay +3)
You cannot wear most types of armour.
You are amphibious.
You can wear up to eight rings at the same time.
Your skin changes colour to match your surroundings (Stealth+).
Your rubbery body absorbs attacks. (AC +1, EV +1)
((You are camouflaged when in or above water. (Stealth+)))
You have tentacles for arms and can constrict up to eight enemies at once.


   Skills:
 - Level 1.0 Fighting
 - Level 2.0 Dodging
 + Level 6.4 Unarmed Combat
 + Level 5.6 Shapeshifting


You had 6 spell levels left.
You didn't know any spells.
Your spell library was empty.

Inventory:

Missiles
 o - 2 boomerangs
 u - 3 atropa-tipped darts
 x - 2 poisoned darts
Armour
 p - a +0 hat
 y - a +2 kite shield (worn)
Magical Staves
 i - a staff of earth
 t - a staff of conjuration {!a}
Jewellery
 f - a ring of willpower (left tentacle)
 Z - a ring of wizardry (right tentacle)
Talismans
 b - a beast talisman (active)
 c - a flux talisman
Wands
 r - a wand of flame (12)
Scrolls
 g - a scroll of poison {unknown}
 h - a scroll of fog {unknown}
 j - 5 scrolls of identify {unknown}
 k - 2 scrolls of blinking {unknown}
 m - a scroll of silence {unknown}
 n - a scroll of vulnerability {unknown}
 q - a scroll of noise {unknown}
 v - 2 scrolls of enchant armour {unknown}
 w - a scroll of teleportation {unknown}
Potions
 a - 3 potions of lignification {!q}
 d - 2 potions of ambrosia {unknown}
 e - a potion of curing {unknown}
 l - 2 potions of haste {unknown}
 s - a potion of attraction {unknown}

Dungeon Overview and Level Annotations

Branches:
Dungeon (5/15)
 Temple: D:4-7

Altars:
Okawaru

Annotations:
D:3 Sigmund

##. .. ###>.
..! #...#
#.# #...#
#.# # #...#
#.# .# #...#
#.# .#
#.).###.##.#
#.....Y....#
#..o..oh..##
#...##.#<.#
##.....####
#.#...#
#.#.#.#
..#.#..
#.#...##
#.#. .


You could see an ice beast, an orc priest and an orc.


Message History

You tentacle-slap the orc wizard. You grab the orc wizard.
You tentacle-slap the orc wizard, but do no damage.
The orc wizard is lightly wounded.
You constrict the orc wizard.
The orc priest looks satisfied for a moment.
The orc wizard hits you with a +0 dagger.
You tentacle-slap the orc wizard. You squeeze the orc wizard!
The orc wizard is almost dead.
You constrict the orc wizard. The orc wizard barely misses you.
The ice beast hits you. The ice beast freezes you!
You tentacle-slap the orc wizard.
You kill the orc wizard!
The orc priest misses you. The ice beast hits you. The ice beast freezes you!
* * * LOW HITPOINT WARNING * * *
The orc hits you with a +0 dagger.
* * * LOW HITPOINT WARNING * * *
Okay, then.
The orc attacks as you move away! The orc hits you with a +0 dagger.
* * * LOW HITPOINT WARNING * * *
You block the ice beast's attack. The ice beast attacks as you move away!
The ice beast closely misses you.
The orc priest begins to cast a cantrip, but forgets the words!
The orc barely misses you. The orc attacks as you move away!
You block the orc's attack. The orc attacks as you move away!
The orc hits you but does no damage.
The orc priest miscasts a cantrip.
The ice beast attacks as you move away! The ice beast hits you.
* * * LOW HITPOINT WARNING * * *
The ice beast freezes you!
You die...

Skill      XL: |  1  2  3  4  5  6  7 |
---------------+----------------------+-----
Unarmed Combat | 4 5 6 |  6.4
Shapeshifting  | 4 5 |  5.6
Fighting       | |  1.0
Dodging        | |  2.0

Action                     |  1- 3 |  4- 6 |  7- 9 || total
---------------------------+-------+-------+-------++-------
  Melee: Unarmed           |    48 |    63 |    62 ||   173
         Tentacles         |    11 |    14 |    11 ||    36
         Constrict         |    12 |    15 |    20 ||    47
         Punch             |     3 |     3 |     3 ||     9
   Stab: Sleeping          |     4 |     2 |     4 ||    10
         Distracted        |       |       |     1 ||     1
 Armour: Skin              |     1 |     4 |     3 ||     8
  Dodge: Dodged            |    23 |    44 |    27 ||    94
  Block: Kite shield       |       |       |     6 ||     6

Levels and vault maps discovered:
D:1:      tekkud_arrival_beachfront_property, layout_basic,
          chequers_ecumenical_altar_grove, kennysheep_boxes
D:2:      layout_loops_cross, basic_altar
D:3:      layout_basic, lexackson_kobold_supper, uniq_grinder, uniq_sigmund,
          uniq_pargi
D:4:      layout_basic
D:5:      layout_basic, regret_index_temple_of_mockery, reono_crystal_passage

Notes
Turn   | Place    | Note
-------+----------+-------------------------------------------
     0 | D:1      | AIAndy the Octopode Shapeshifter began the quest for the
                  | Orb.
     0 | D:1      | Reached XP level 1. HP: 13/13 MP: 1/1
   133 | D:1      | Found a faded altar of an unknown god.
   162 | D:1      | Reached XP level 2. HP: 18/18 MP: 2/2
   953 | D:2      | Reached XP level 3. HP: 18/23 MP: 3/3
  1069 | D:2      | Reached skill level 4 in Unarmed Combat
  1069 | D:2      | Reached XP level 4. HP: 28/28 MP: 4/4
  1173 | D:2      | Found an iron altar of Okawaru.
  1704 | D:3      | Noticed Sigmund
  1872 | D:3      | Noticed Pargi
  1872 | D:3      | Noticed a bullfrog
  1881 | D:3      | Killed a bullfrog
  1882 | D:3      | Reached skill level 4 in Shapeshifting
  1882 | D:3      | Reached XP level 5. HP: 20/33 MP: 5/5
  1960 | D:3      | Killed Pargi
  1961 | D:3      | Reached skill level 5 in Unarmed Combat
  1961 | D:3      | Reached XP level 6. HP: 21/38 MP: 6/6
  2033 | D:3      | Noticed Grinder
  2040 | D:3      | HP: 2/38 [Grinder (6)]
  2042 | D:3      | Killed Grinder
  2043 | D:3      | Reached skill level 5 in Shapeshifting
  2043 | D:3      | Reached XP level 7. HP: 3/43 MP: 7/7
  2343 | D:3      | Reached skill level 6 in Unarmed Combat
  3474 | D:5      | Entered Level 5 of the Dungeon
  3487 | D:5      | Slain by an ice beast

Vanquished Creatures
  Grinder (D:3)
  Pargi (D:3)
  An ogre (D:4)
  A bullfrog (D:3)
  A hound (D:2)
  An orc wizard (D:5)
  5 adders
  4 gnolls (D:3)
  2 worms (D:3)
  5 dart slugs
  7 orcs
  11 endoplasms
  5 giant cockroaches
  4 hobgoblins
  4 jackals
  13 kobolds
  6 quokkas
  4 ball pythons
  5 bats
  6 frilled lizards
  4 goblins
  2 rats
93 creatures vanquished.

Table legend: (Time is in decaauts)
 A = Elapsed time spent in this place.
 B = Non-inter-level travel time spent in this place.
 C = Inter-level travel time spent in this place.
 D = Time resting spent in this place.
 E = Time spent auto-exploring this place.
 F = Levels seen in this place.
 G = Mean time per level.
                   A        B        C        D        E       F      G
               +--------+--------+--------+--------+--------+-----+--------+
         Total |   3474 |   3411 |     63 |     57 |   2746 |   5 |  694.8 |
       Dungeon |   3474 |   3411 |     63 |     57 |   2746 |   5 |  694.8 |
               +--------+--------+--------+--------+--------+-----+--------+

Top non-repeatable levels by time:
     D:3: 1158 daAuts
     D:1: 849 daAuts
     D:2: 805 daAuts
     D:4: 648 daAuts
     D:5: 13 daAuts

Table legend:
 A = Non-vault XP
 B = Vault XP
 C = Vault XP percentage of total XP
 D = Non-vault monster count
 E = Vault monster count
 F = Vault count percentage of total count
                 A         B        C        D         E       F
            +---------+---------+-------+---------+---------+-------
      Total |     545 |     432 |  44.2 |      83 |      10 |  10.8
            +---------+---------+-------+---------+---------+-------
        D:1 |      29 |       0 |   0.0 |      16 |       0 |   0.0
        D:2 |      93 |       0 |   0.0 |      23 |       0 |   0.0
        D:3 |     205 |     432 |  67.8 |      23 |      10 |  30.3
        D:4 |     182 |       0 |   0.0 |      20 |       0 |   0.0
        D:5 |      36 |       0 |   0.0 |       1 |       0 |   0.0
            +---------+---------+-------+---------+---------+-------
